 Dungeon Crawl Stone Soup version 0.28-a0-793-g31680bbd8b (webtiles) character file.

Game seed: 17955638831959490637

2318 Fenrisus the Thaumaturge (level 9, 57/57 HPs)
             Began as a Djinni Fire Elementalist on Nov 4, 2021.
             Was an Initiate of Gozag.
             Quit the game on level 6 of the Dungeon on Nov 5, 2021.
             The game lasted 00:44:05 (7496 turns).

Fenrisus the Thaumaturge (Djinni Fire Elementalist) Turns: 7496, Time: 00:44:05

Health: 57/57      AC:  4    Str: 13    XL:     9   Next: 69%
Gold:   649        EV: 13    Int: 25    God:    Gozag SH:  0 Dex: 15

rFire   + + .      SeeInvis .   s - staff of conjuration
rCold   x . .      Faith    .   (no shield)
rNeg    . . .      Spirit   .   r - +2 robe {Will+}
rPois   ∞          Reflect  .   (no helmet)
rElec   .          Harm     .   (no cloak)
rCorr   .          Rampage  .   (no gloves)
Will    +....                   (boots unavailable)
Stlth   +++.......              (no amulet)
HPRegen 0.19/turn               j - +6 ring of intelligence
MPRegen 0.00/turn               d - +6 ring of strength

@: flying
A: sickness immunity, fire resistance 2, cold vulnerability 1, float, innate
caster, hp casting, extra vitality 1
a: Renounce Religion, Potion Petition, Call Merchant, Bribe Branch


You were on level 6 of the Dungeon.
You worshipped Gozag.
Gozag was pleased with you.
You visited 1 branch of the dungeon, and saw 6 of its levels.

You collected 691 gold pieces.
You paid 42 gold pieces to Gozag.

Inventory:

Hand Weapons
 u - the +3 falchion of Ascent {drain, rPois Str+4 Int+9 Dex-4}
   (You found it on level 6 of the Dungeon)

   A truly terrible weapon, it drains the life of any living foe it strikes.
   Str:       It affects your strength (+4).
   Int:       It affects your intelligence (+9).
   Dex:       It affects your dexterity (-4).
   rPois:     It protects you from poison.
Armour
 r - a +2 robe of willpower (worn)
Magical Staves
 s - a staff of conjuration (weapon)
Jewellery
 d - a +6 ring of strength (right hand)
 g - a ring of see invisible
 j - a +6 ring of intelligence (left hand)
Wands
 i - a wand of polymorph (14)
Scrolls
 b - a scroll of noise {unknown}
 f - a scroll of fear
 k - a scroll of brand weapon
 l - 2 scrolls of fog
 n - a scroll of teleportation
 o - 2 scrolls of immolation {unknown}
 p - 2 scrolls of magic mapping {unknown}
 q - a scroll of enchant armour
 t - a scroll of enchant weapon {unknown}
Potions
 a - a potion of ambrosia {unknown}
 c - a potion of invisibility
 e - a potion of berserk rage
 h - 3 potions of heal wounds
 m - a potion of brilliance


   Skills:
 + Level 1.2 Fighting
 + Level 4.3 Dodging
 + Level 3.7 Stealth
 + Level 1.0 Unarmed Combat
 + Level 8.8 Spellcasting


You had 3 spell levels left.
You knew the following spells:

 Your Spells              Type           Power      Damage    Failure   Level
a - Foxfire               Conj/Fire      100%       2x1d9     1%          1
b - Scorch                Fire           100%       2d10      1%          2
c - Conjure Flame         Conj/Fire      70%        6-21      1%          3
d - Inner Flame           Hex/Fire       53%        N/A       1%          3
e - Flame Wave            Conj/Fire      70%        3d12      1%          4
f - Apportation           Tloc           100%       N/A       1%          1
g - Static Discharge      Conj/Air       70%        N/A       1%          2
h - Mephitic Cloud        Conj/Pois/Air  70%        N/A       1%          3
i - Portal Projectile     Hex/Tloc       100%       N/A       1%          3
Your spell library was empty.

Dungeon Overview and Level Annotations

Branches:
Dungeon (6/15)             Temple (0/1) D:5

Altars:
Gozag

Shops:
D:4 *   D:5 ?=


Innate Abilities, Weirdness & Mutations

You are immune to sickness and miasma.
You are immune to poison.
Your flesh is very heat resistant. (rF++)
You are vulnerable to cold. (rC-)
You float through the air rather than walking.
You learn spells naturally, not from books.
Your magical power is your life essence.
You have superior vitality. (+4 HP)


Message History

Flames lash the jelly.
The jelly is burned terribly!
You kill the jelly!
You now have 645 gold pieces (gained 4).
There is a stone staircase leading up here.
You see here a +1 vorpal flail.
Found a scroll labelled NOIJ ONUCI.
Found a stone staircase leading up.
Found a potion of heal wounds.
t - a scroll labelled NOIJ ONUCI
Found a steaming falchion.
Found a stone staircase leading up.
An orc comes into view. It is wielding a +0 short sword.
Casting: Scorch (safe; 1% risk of failure)
Confirm with . or Enter, or press ? or * to list all spells.
You feel a surge of power!
You conjure some foxfire!
Casting: Foxfire (safe; 1% risk of failure)
Confirm with . or Enter, or press ? or * to list all spells.
You feel a surge of power!
You conjure some foxfire!
The orc shouts!
The foxfire hits the orc.
The orc is severely wounded.
Casting: Foxfire (safe; 1% risk of failure)
Confirm with . or Enter, or press ? or * to list all spells.
You feel a surge of power!
You conjure some foxfire!
The foxfire hits the orc.
The orc is almost dead.
The foxfire hits the orc.
You kill the orc!
Your foxfire dissipates!
Your foxfire dissipates!
h - 3 potions of heal wounds (gained 1)
Your foxfire dissipates!
You now have 649 gold pieces (gained 4).
You see here a +0 short sword.
You see here the +3 falchion of Ascent {drain, rPois Str+4 Int+9 Dex-4}.
u - the +3 falchion of Ascent {drain, rPois Str+4 Int+9 Dex-4}
Found a battleaxe.
Saving game... please wait.
Welcome back, Fenrisus the Djinni Fire Elementalist.
Gozag says: Greed is good.
Press ? for a list of commands and other information.
Unknown command.
Are you sure you want to abandon this character and quit the game? (Confirm with "yes".)

## ## ##.##
##.# #######
####...#
###..#
#.....##
#......#
###....##
#..@...#
#.....#
##.......##
####...#
#.....#
..........#
###.##
#.....#
.........##
#..## ##....#
.........#
#...## #....#
#........#
#....###....#
#.......##
#.....###...#
##......#
#..##..##...#
#.....##
#..###......#


There were no monsters in sight!

Vanquished Creatures
  Grinder (D:3)
  Sigmund (D:6)
  Edmund (D:4)
  An ice beast (D:5)
  A sky beast (D:6)
  3 ogres
  A necrophage (D:6)
  A centaur (D:5)
  3 phantoms
  2 bullfrogs
  2 scorpions
  2 water moccasin zombies
  A water moccasin skeleton (D:4)
  A jelly (D:6)
  2 hounds
  A bullfrog skeleton (D:6)
  A centaur skeleton (D:5)
  2 iguanas (D:4)
  A scorpion zombie (D:5)
  4 orc wizards
  A hound zombie (D:5)
  4 hound skeletons
  A gnoll (D:5)
  11 adders
  A shadow imp (D:5)
  2 white imps (D:5)
  2 adder zombies (D:3)
  2 adder skeletons
  3 dart slugs
  21 orcs
  6 endoplasms
  4 giant cockroaches
  8 goblins
  5 hobgoblins
  4 jackals
  5 kobolds
  3 quokkas
  6 ball pythons
  2 ball python skeletons (D:3)
  2 bats
  4 frilled lizards
  A quokka skeleton (D:4)
  2 quokka zombies (D:3)
  3 rats
135 creatures vanquished.

Vanquished Creatures (collateral kills)
  A foxfire (D:3)
1 creature vanquished.

Vanquished Creatures (others)
  411 foxfires
  A withered plant (D:3)
412 creatures vanquished.

Grand Total: 548 creatures vanquished

Notes
Turn   | Place    | Note
-------+----------+-------------------------------------------
     0 | D:1      | Fenrisus the Djinni Fire Elementalist began the quest for
                  | the Orb.
     0 | D:1      | Reached XP level 1. HP: 15/15 MP: 0/0
   343 | D:1      | Reached XP level 2. HP: 19/21 MP: 0/0
   671 | D:1      | Found a faded altar of an unknown god.
   832 | D:1      | Reached XP level 3. HP: 22/25 MP: 0/0
   832 | D:1      | Learned a level 1 spell: Apportation
   862 | D:1      | Reached skill level 3 in Spellcasting
  1688 | D:2      | Reached XP level 4. HP: 16/31 MP: 0/0
  2831 | D:3      | Reached XP level 5. HP: 32/35 MP: 0/0
  2831 | D:3      | Learned a level 2 spell: Static Discharge
  2837 | D:3      | Noticed Grinder
  2841 | D:3      | Noticed an ogre
  2873 | D:4      | Killed an ogre
  2874 | D:4      | Reached skill level 4 in Spellcasting
  2884 | D:4      | Reached XP level 6. HP: 17/40 MP: 0/0
  2891 | D:4      | HP: 2/40 [scorpion (6)]
  3224 | D:4      | Found an opulent altar of Gozag.
  3241 | D:3      | Killed Grinder
  3242 | D:3      | Reached skill level 1 in Fighting
  3242 | D:3      | Reached skill level 5 in Spellcasting
  3242 | D:3      | Reached XP level 7. HP: 33/47 MP: 0/0
  3242 | D:3      | Learned a level 3 spell: Mephitic Cloud
  4149 | D:4      | Found Gozag's Platinum Reserve.
  4223 | D:4      | Reached skill level 1 in Unarmed Combat
  4556 | D:4      | Reached XP level 8. HP: 50/52 MP: 0/0
  4688 | D:4      | Became a worshipper of Gozag Ym Sagoz the Greedy
  5002 | D:4      | Reached skill level 6 in Spellcasting
  5081 | D:4      | Noticed Edmund
  5098 | D:4      | Killed Edmund
  5480 | D:5      | Entered Level 5 of the Dungeon
  5557 | D:5      | Reached skill level 7 in Spellcasting
  5803 | D:5      | Reached XP level 9. HP: 52/57 MP: 0/0
  5803 | D:5      | Learned a level 3 spell: Portal Projectile
  5920 | D:5      | Found Qietigixt's Jewellery Emporium.
  6073 | D:5      | Found Oskusah's Magic Scroll Emporium.
  6201 | D:5      | Found a staircase to the Ecumenical Temple.
  6223 | D:5      | Reached skill level 8 in Spellcasting
  6599 | D:6      | Noticed Sigmund
  6617 | D:6      | Killed Sigmund
  6810 | D:6      | Identified a scroll of acquirement
  6810 | D:6      | Acquired a staff of conjuration
  7329 | D:6      | Identified the +3 falchion of Ascent {drain, rPois Str+4
                  | Int+9 Dex-4}
  7496 | D:6      | Quit the game

Illustrated notes

Levels and vault maps discovered:
D:1:      dpeg_arrival_castle, layout_basic, ebering_ecumenical_altar_abandoned
D:2:      layout_loops_corners
D:3:      layout_basic, serial_undead, serial_undead_f, serial_undead_f,
          serial_undead_e, serial_undead_b, serial_undead_a, serial_undead_e,
          uniq_grinder
D:4:      layout_loops_ring, nicolae_gozag_zags_fifth_avenue, uniq_edmund
D:5:      cheibrodos_fzero, layout_loops_corners,
          minmay_temple_entry_statues_fountains, serial_shops, kennysheep_mini,
          nicolae_shop_temple_entry_statues_fountains
D:6:      layout_cave_pods, hangedman_decor_opposing, uniq_sigmund

Skill      XL: |  1  2  3  4  5  6  7  8  9 |
---------------+----------------------------+-----
Spellcasting   | 3 4 5 7 8 |  8.8
Dodging        | 3 4 |  4.3
Stealth        | 2 3 |  3.7
Fighting       | 1 |  1.2
Unarmed Combat | 1 |  1.0

Action                   |  1- 3 |  4- 6 |  7- 9 || total
-------------------------+-------+-------+-------++-------
Melee: Unarmed           |    15 |     6 |       ||    21
 Cast: Foxfire           |    53 |    75 |   129 ||   257
       Scorch            |       |       |    66 ||    66
       Flame Wave        |       |       |     4 ||     4
  Use: Scroll            |     1 |       |     9 ||    10
       Potion            |       |       |     2 ||     2
Armor: Robe              |     4 |     3 |     2 ||     9
Dodge: Dodged            |    21 |    28 |    15 ||    64

Table legend: (Time is in decaauts)
 A = Elapsed time spent in this place.
 B = Non-inter-level travel time spent in this place.
 C = Inter-level travel time spent in this place.
 D = Time resting spent in this place.
 E = Time spent auto-exploring this place.
 F = Levels seen in this place.
 G = Mean time per level.
                   A        B        C        D        E       F      G
               +--------+--------+--------+--------+--------+-----+--------+
         Total |   7508 |   3018 |   4490 |   2016 |      0 |   6 | 1251.3 |
       Dungeon |   7508 |   3018 |   4490 |   2016 |      0 |   6 | 1251.3 |
               +--------+--------+--------+--------+--------+-----+--------+

Top non-repeatable levels by time:
     D:4: 1744 daAuts
     D:2: 1524 daAuts
     D:3: 1146 daAuts
     D:1: 1079 daAuts
     D:5: 1072 daAuts
     D:6: 941 daAuts
